 Dungeon Crawl Stone Soup version 0.30-b1-2-g02819fbbbe (webtiles) character file.

Game seed: 5730551481810527744

654 ketsa the Cudgeller (level 7, -21/59 HPs)
             Began as an Armataur Fighter on May 18, 2023.
             Was an Initiate of Gozag.
             Demolished by an ogre
             ... wielding a +0 giant spiked club
              (28 damage)
             ... on level 5 of the Dungeon.
             The game lasted 00:16:08 (5075 turns).

ketsa the Cudgeller (Armataur Fighter)              Turns: 5075, Time: 00:16:08

Health: -21/59     AC: 12    Str: 23    XL:     7   Next: 29%
Magic:  7/7        EV:  6    Int:  9    God:    Gozag
Gold:   192        SH:  4    Dex:  9    Spells: 6/6 levels left

rFire   . . .        a - +0 flail
rCold   . . .        c - +0 buckler
rNeg    . . .        y - +0 troll leather armour {Pargi}
rPois   .            (no helmet)
rElec   .            (no cloak)
rCorr   .            (no gloves)
SInv    .            r - +2 barding
Will    .....        (no amulet)
Stlth   +            (no ring)
HPRegen 1.09/turn    (no ring)
MPRegen 0.10/turn

%: roll
@: no status effects
A: large, rugged brown scales 3, deformed body, armoured tail, roll, long
tongue, awkward tongue
a: Renounce Religion, Potion Petition, Call Merchant, Bribe Branch


You were on level 5 of the Dungeon.
You worshipped Gozag.
Gozag was aware of your devotion.
You visited 2 branches of the dungeon, and saw 6 of its levels.
You also visited: Sewer.

You collected 243 gold pieces.
You paid 51 gold pieces to Gozag.

Inventory:

Hand Weapons
 a - a +0 flail (weapon)
Missiles
 e - 3 javelins (quivered)
 s - 5 boomerangs
 u - 8 poisoned darts
Armour
 b - a +0 scale mail
 c - a +0 buckler (worn)
 r - a +2 barding (worn)
 y - a +0 troll leather armour (worn) {Pargi}
 F - a +0 chain mail
Wands
 x - a wand of mindburst (9)
 C - a wand of paralysis (1)
 E - a wand of polymorph (8)
Scrolls
 f - 4 scrolls of teleportation {unknown}
 k - a scroll of acquirement {unknown}
 m - 2 scrolls of enchant weapon {unknown}
 n - 2 scrolls of magic mapping {unknown}
 q - a scroll of immolation {unknown}
 t - a scroll of butterflies {unknown}
 v - a scroll of fear {unknown}
 z - 2 scrolls of fog {unknown}
Potions
 d - 2 potions of might
 h - a potion of curing
 i - 3 potions of ambrosia
 j - a potion of attraction
 l - a potion of brilliance
 o - 3 potions of flight
 p - a potion of magic {unknown}
 w - 4 potions of heal wounds
 A - a potion of mutation {unknown}
 B - a potion of haste {unknown}
 D - a potion of resistance {unknown}


   Skills:
 - Level 2.6 Fighting
 + Level 6.2 Maces & Flails
 + Level 5.0 Armour
 - Level 5.0 Shields


You had 6 spell levels left.
You didn't know any spells.
Your spell library contained the following spells:

 Spells                   Type           Power      Damage    Failure   Level
 Static Discharge         Conj/Air       0%         2-2/arc   63%         2
 Airstrike                Air            0%         2d(0-16)  99%         4
 Summon Lightning Spire   Summ/Air       0%         N/A       99%         4


Dungeon Overview and Level Annotations

Branches:
Dungeon (5/15) Zot: 25386  Temple (1/1) D:4 Zot: 5740   Sewer (visited)

Altars:
Ashenzari
Dithmenos
Fedhas
Gozag
Hepliaklqana
Makhleb
Qazlal
Ru
Uskayaw
Vehumet
Wu Jian
Xom
Yredelemnul
Zin
The Shining One

Annotations:
D:3 1 runed translucent door, Crazy Yiuf


Innate Abilities, Weirdness & Mutations

You are completely covered in rugged brown scales. (AC +3, +7% HP)
Armour fits poorly on your strangely shaped body.
You have a long armoured tail.
You roll when moving toward enemies. (Rampage)
Your long tongue fully drains potion bottles. (2x potion effects)
Your tongue gives you trouble enunciating. (1.5x scroll delay)


Message History

You thump the jelly!
Your hands burn!
The jelly is severely wounded.
The jelly completely misses you.
You sock the jelly!
You kill the jelly!
Your Armour skill increases to level 5!
You now have 186 gold pieces (gained 19).
You see here a +0 whip.
You now have 192 gold pieces (gained 6).
You see here a +0 club.
You see here a +0 whip.
An ogre comes into view. It is wielding a +0 giant spiked club.
The ogre shouts!
You roll towards the ogre!
You block the ogre's attack.
You hit the ogre. You tail-slap the ogre.
The ogre is moderately wounded.
The ogre hits you with a +0 giant spiked club!!
You hit the ogre.
Your tail-slap misses the ogre.
The ogre is moderately wounded.
You barely miss the ogre.
The ogre is moderately wounded.
The ogre hits you with a +0 giant spiked club!
You hit the ogre.
The ogre is heavily wounded.
The ogre hits you with a +0 giant spiked club.
You closely miss the ogre.
The ogre is heavily wounded.
The ogre hits you with a +0 giant spiked club!!
* * * LOW HITPOINT WARNING * * *
Aiming: Paralyse
Press: ? - help, Shift-Dir - straight line, f - ogre
Aim: an ogre, wielding a +0 giant spiked club (heavily wounded, chance to affect: 49%)
The ogre resists with some effort.
Aiming: Paralyse
Press: ? - help, Shift-Dir - straight line, f/p - ogre
Aim: an ogre, wielding a +0 giant spiked club (heavily wounded, chance to affect: 49%)
The ogre resists with some effort.
The ogre hits you with a +0 giant spiked club!!
You die...
Your body crumbles into a pile of gold.

#<#.## #.#.#
......#.# ###.#.#
.#
#######.###.).#.#
##.# #.........#
#..# #####.##..#
#..# #.##..# #..#
#.##..# #..#
#.##..####..#
#.##.O@..)).#
#.##.#####.##
#.##.# #.# #. #.#
#. #.# .. ..# ##
###


You could see an ogre.

Vanquished Creatures
  A water moccasin (D:4)
  Pargi (Sewer)
  A howler monkey (D:5)
  3 jellies
  A hound (D:5)
  An orc priest (D:4)
  A sleepcap (D:4)
  Ijyb (D:3)
  7 adders
  5 river rats (D:4)
  3 worms
  A dart slug (D:4)
  7 orcs
  11 endoplasms
  2 giant cockroaches (D:1)
  7 goblins
  6 hobgoblins
  4 jackals (D:2)
  5 quokkas
  9 ball pythons
  4 bats
  5 frilled lizards
  11 kobolds
  7 rats
104 creatures vanquished.

Vanquished Creatures (others)
  3 fungi (D:3)
  8 toadstools (D:3)
11 creatures vanquished.

Grand Total: 115 creatures vanquished

Notes
Turn   | Place    | Note
-------+----------+-------------------------------------------
     0 | D:1      | ketsa the Armataur Fighter began the quest for the Orb.
     0 | D:1      | Reached XP level 1. HP: 19/19 MP: 1/1
    45 | D:1      | Reached skill level 2 in Maces & Flails
   279 | D:1      | Reached XP level 2. HP: 18/26 MP: 2/2
  1065 | D:2      | Reached XP level 3. HP: 28/32 MP: 3/3
  1128 | D:2      | Found a faded altar of an unknown god.
  1226 | D:2      | Reached skill level 3 in Maces & Flails
  1570 | D:3      | Found a hide-covered altar of Uskayaw.
  2004 | D:3      | Reached XP level 4. HP: 27/39 MP: 4/4
  2370 | D:3      | Noticed Ijyb
  2382 | D:3      | Killed Ijyb
  2663 | D:3      | Found a runed translucent door.
  2664 | D:3      | Noticed Crazy Yiuf
  2750 | D:4      | Reached skill level 4 in Maces & Flails
  2753 | D:4      | Reached XP level 5. HP: 34/44 MP: 5/5
  3006 | D:4      | Found a glowing drain.
  3013 | Sewer    | Entered a sewer
  3036 | Sewer    | Noticed Pargi
  3044 | Sewer    | Killed Pargi
  3045 | Sewer    | Reached skill level 5 in Maces & Flails
  3045 | Sewer    | Reached skill level 5 in Shields
  3045 | Sewer    | Reached XP level 6. HP: 53/53 MP: 6/6
  4260 | D:4      | Found a staircase to the Ecumenical Temple.
  4271 | Temple   | Entered the Ecumenical Temple
  4500 | Temple   | Became a worshipper of Gozag Ym Sagoz the Greedy
  4535 | D:4      | Noticed a water moccasin
  4546 | D:4      | Killed a water moccasin
  4547 | D:4      | Reached XP level 7. HP: 59/59 MP: 7/7
  4999 | D:5      | Entered Level 5 of the Dungeon
  5016 | D:5      | Reached skill level 6 in Maces & Flails
  5060 | D:5      | Reached skill level 5 in Armour
  5075 | D:5      | Demolished by an ogre

Illustrated notes

Levels and vault maps discovered:
D:1:      psy_arrival_dodecagon, layout_loops_corners
D:2:      layout_basic, ebering_ecumenical_altar_petrified
D:3:      cheibrodos_fertilizer, layout_loops_cross,
          mainiacjoe_overflow_alcove_2, minivault_24, uniq_ijyb,
          uniq_crazy_yiuf_cottage
D:4:      layout_layer_cave, minmay_temple_entry_stoned_glass,
          lightli_sewer_entry_pipes
D:5:      layout_loops_ring, nicolae_ossuary_entry_catacombs
Temple:   compressed_dpeg_circular_temple

Skill      XL: |  1  2  3  4  5  6  7 |
---------------+----------------------+-----
Maces & Flails | 2 3 4 5 6 |  6.2
Shields        | 4 5 |  5.0
Armour         | 4 5 |  5.0
Fighting       | |  2.6

Action                     |  1- 3 |  4- 6 |  7- 9 || total
---------------------------+-------+-------+-------++-------
  Melee: Flail             |   152 |   183 |    48 ||   383
         Tailslap          |    13 |    21 |     5 ||    39
  Evoke: Wand              |       |     3 |     2 ||     5
    Use: Scroll            |       |     5 |     1 ||     6
   Stab: Paralysed         |       |     4 |       ||     4
 Armour: Scale mail        |    86 |   100 |     4 ||   190
         Troll leather arm |       |       |    17 ||    17
  Dodge: Dodged            |    53 |    46 |     5 ||   104
  Block: Buckler           |    26 |    43 |    13 ||    82
